 Dungeon Crawl Stone Soup version 0.31.0-32-g396128a36d (webtiles) character file.

Game seed: 7302192652554871382

22707 0gre the Frost Mage (level 13, -6/98 HPs)
             Began as a Gnoll Ice Elementalist on Apr 3, 2024.
             Was a High Priest of Vehumet.
             Killed from afar by Azrael (18 damage)
             ... with damnation
             ... on level 12 of the Dungeon on Apr 4, 2024.
             The game lasted 01:35:42 (12850 turns).

0gre the Frost Mage (Gnoll Ice Elementalist)       Turns: 12850, Time: 01:35:44

Health: -6/98      AC: 11    Str: 14    XL:     13   Next: 2%
Magic:  11/26      EV: 22    Int: 16    God:    Vehumet [*****.]
Gold:   840        SH:  0    Dex: 16    Spells: 12/31 levels left

rFire   . . .        c - +1 halberd (freeze)
rCold   . . .        (shield currently unavailable)
rNeg    . . .        k - +0 steam dragon scales
rPois   .            y - +1 helmet
rElec   .            (no cloak)
rCorr   .            (no gloves)
SInv    .            l - +1 pair of boots
Will    .....        B - amulet of the acrobat
Stlth   ++           x - +5 ring of evasion
HPRegen 0.36/turn    s - +6 ring of strength
MPRegen 0.20/turn

%: acrobat
@: mighty, freezing walls, hasted, slow
A: fangs 1, strong nose, distributed training
a: Renounce Religion


You were on level 12 of the Dungeon.
You worshipped Vehumet.
Vehumet was extremely pleased with you.
You visited 1 branch of the dungeon, and saw 12 of its levels.
You also visited: Ossuary.

You collected 840 gold pieces.

Inventory:

Hand Weapons
 a - a +3 dire flail of protection
 b - a +1 orcbow
 c - a +1 halberd of freezing (weapon)
 d - a +0 falchion of flaming
 e - a +3 scimitar of protection
Missiles
 g - 5 curare-tipped darts
 h - 24 poisoned darts
 i - 2 boomerangs (quivered)
 j - 10 javelins
Armour
 k - +0 steam dragon scales (worn)
 l - a +1 pair of boots (worn)
 y - a +1 helmet (worn)
Jewellery
 s - a +6 ring of strength (right hand)
 x - a +5 ring of evasion (left hand)
 z - a +6 ring of strength
 B - an amulet of the acrobat (around neck)
 M - a ring of resist corrosion
Wands
 r - a wand of digging (4)
 A - a wand of flame (13)
 C - a wand of paralysis (7)
 L - a wand of polymorph (14)
Scrolls
 f - 2 scrolls of fog
 n - a scroll of revelation
 o - 4 scrolls of poison
 q - 2 scrolls of enchant weapon
 D - 3 scrolls of amnesia
 N - 6 scrolls of teleportation
 O - a scroll of identify
Potions
 p - a potion of berserk rage
 u - 3 potions of lignification
 v - a potion of mutation
 w - 2 potions of magic
 E - 4 potions of resistance
 F - 2 potions of haste
 G - a potion of might
 H - 2 potions of ambrosia
 I - a potion of enlightenment
 J - 2 potions of attraction
Miscellaneous
 K - a phial of floods (inert)


   Skills:
 + Level 8.1 Fighting
 + Level 8.1 Short Blades
 + Level 8.1 Long Blades
 + Level 8.1 Axes
 + Level 8.1 Maces & Flails
 + Level 8.1 Polearms
 + Level 8.1 Staves
 + Level 8.1 Ranged Weapons
 + Level 8.1 Throwing
 + Level 8.1 Armour
 + Level 9.4 Dodging
 + Level 9.2 Stealth
 + Level 8.1 Shields
 + Level 8.1 Unarmed Combat
 + Level 9.6 Spellcasting
 + Level 6.7 Conjurations
 + Level 6.7 Hexes
 + Level 6.7 Summonings
 + Level 6.7 Necromancy
 + Level 6.7 Translocations
 + Level 6.7 Fire Magic
 + Level 9.9 Ice Magic
 + Level 6.7 Air Magic
 + Level 6.7 Earth Magic
 + Level 6.7 Alchemy
 + Level 8.9 Invocations
 + Level 8.1 Evocations
 + Level 7.4 Shapeshifting


You had 12 spell levels left.
You knew the following spells:

 Your Spells              Type           Power      Damage    Failure   Level
a - Summon Ice Beast      Ice/Summ       34%        N/A       1%          3
b - Frozen Ramparts       Ice            78%        1d12      1%          3
c - Freezing Cloud        Conj/Ice/Air   16%        6-21      3%          5
d - Olgreb's Toxic Radia  Alch           29%        N/A       1%          4
e - Ignite Poison         Fire/Alch      29%        N/A       1%          4

Your spell library contained the following spells:

 Spells                   Type           Power      Damage    Failure   Level
 Freeze                   Ice            100%       1d10      1%          1
 Kiss of Death            Conj/Necr      100%       2d13      1%          1
 Static Discharge         Conj/Air       58%        3-6/arc   1%          2
 Hailstorm                Conj/Ice       34%        3d8       1%          3
 Ozocubu's Armour         Ice            39%        N/A       1%          3
 Stone Arrow              Conj/Erth      58%        3d10      1%          3
 Fulminant Prism          Conj/Alch      14%        3d9       1%          4
 Manifold Assault         Tloc           29%        N/A       6%          4
 Summon Forest            Summ/Tloc      14%        N/A       16%         5
 Summon Mana Viper        Hex/Summ       29%        N/A       16%         5
 Starburst                Conj/Fire      14%        6d6       22%         6
 Sculpt Simulacrum        Ice/Alch       17%        N/A       43%         6
 Dispersal                Tloc           14%        N/A       65%         6
 Summon Cactus Giant      Summ           14%        N/A       65%         6
 Disjunction              Tloc           14%        N/A       100%        8


Dungeon Overview and Level Annotations

Branches:
Dungeon (12/15)            Temple (0/1) D:6            Lair (0/5) D:11
    Orc (0/2) D:11        Ossuary (visited)

Altars:
Ashenzari
Cheibriados
Elyvilon
Fedhas
Gozag
Hepliaklqana
Makhleb
Nemelex Xobeh
Okawaru
Qazlal
Trog
Uskayaw
Vehumet
Wu Jian
Xom

Annotations:
D:11 2 runed translucent doors
D:12 Azrael


Innate Abilities, Weirdness & Mutations

You have very sharp teeth.
Your uncanny sense of smell can sniff out nearby items.
Your experience applies equally to all skills.


Message History

Splash!
You fall into the shallow water.
Moving in this stuff is going to be slow.
The hell hound is engulfed in water.
Azrael is engulfed in water.
You hear an angry buzzing noise. x2
The fire elemental is frozen!
The wall freezes the fire elemental.
Azrael is frozen!
The wall freezes Azrael!
Azrael is momentarily hidden by a cloud of flames.
Your unstable footing causes you to fumble your attack.
The frozen ramparts melt away.
The fire elemental completely misses you.
Casting: Frozen Ramparts (safe; 1% risk of failure)
Confirm with . or Enter, or press ? or * to list all spells.
Casting: Frozen Ramparts (safe; 1% risk of failure)
Press: ? - help, Dir - look around, f - activate Some shallow water, summoned.
The walls around you are covered in ice.
The hell hound is frozen!
The wall freezes the hell hound.
Azrael is frozen!
The wall freezes Azrael.
The fire elemental is frozen!
The wall freezes the fire elemental!
The fire elemental hits you. The fire elemental burns you!
* * * LOW HITPOINT WARNING * * *
The wall freezes the fire elemental.
You feel better.
The wall freezes the hell hound but does no damage.
The fire elemental is frozen!
The wall freezes the fire elemental.
You destroy the fire elemental!
Vehumet accepts your kill.
You feel your power returning.
Azrael is frozen!
The wall freezes Azrael.
The wall freezes the fire elemental.
You hit Azrael. You bite Azrael, but do no damage.
Azrael is heavily wounded.
The wall freezes the hell hound.
Your +3 dire flail of protection goes still.
Your +1 halberd of freezing glows with a cold blue light!
c - a +1 halberd of freezing (weapon)
Azrael is frozen!
The wall freezes Azrael!!
Azrael gestures at you.
The sphere of damnation explodes!
The damnation engulfs you!!
You die...

...........$.°..(.○..............
............☼.....○..............
...##.......##..†###....########.
...##.......##)$.##########..###.
...#.........#...#......#........
...#.........#~~°#......#........
..^#.......>.#.hE#......#........
...##....##.####R##..##.##...###.
...##....##.# #@######.##...####
.........#.....~~~....#.......^8^
.........#............#......####
.........'............#..........
.........#............#..........
#################################


You could see Azrael (unsilenced, waterlogged), a fire elemental and a hell
hound (unsilenced, waterlogged).

Vanquished Creatures
  Nessos (D:12)
  A boulder beetle (D:12)
  A centaur warrior (D:11)
  3 two-headed ogres
  3 skeletal warriors (D:12)
  An orc knight (D:9)
  2 deep elf pyromancers
  A manticore (D:11)
  3 cyclopes
  A gargoyle (D:10)
  A rime drake (D:11)
  2 unseen horrors (D:12)
  A komodo dragon (D:12)
  A polar bear (D:11)
  8 trolls
  4 shadows
  5 wraiths
  2 wyverns
  A fire elemental (D:12)
  A steam dragon (D:7)
  16 yaks
  2 acid dragons
  A water moccasin (D:6)
  2 hell hounds (D:12)
  6 orc warriors
  2 black bears
  An ice beast (D:11)
  5 ogres
  A laughing skull (D:11)
  A hornet zombie (D:8)
  An ogre (shapeshifter) (D:11)
  2 centaurs (D:11)
  2 wolves (D:11)
  A phantom (D:5)
  2 kobold brigands (D:9)
  5 bullfrogs
  A wyvern zombie (D:8)
  A gnoll sergeant (D:9)
  4 scorpions
  10 wights (D:8)
  8 killer bees
  5 howler monkeys
  2 centaur zombies (D:8)
  2 jellies
  4 hounds
  4 orc priests
  2 sleepcaps
  5 scorpion zombies (Ossuary)
  11 orc wizards
  3 iguanas
  3 killer bee zombies (D:8)
  3 mummies (Ossuary)
  A howler monkey zombie (D:8)
  8 gnolls
  8 adders
  2 shadow imps
  2 white imps (D:7)
  3 adder zombies (Ossuary)
  4 dart slugs
  2 ribbon worms
  46 orcs
  7 endoplasms
  5 giant cockroaches
  4 goblins
  8 hobgoblins
  4 jackals
  21 kobolds
  11 ball pythons
  3 bats
  3 frilled lizards
  5 gnoll zombies (Ossuary)
  2 jackal zombies (Ossuary)
  2 kobold zombies (Ossuary)
  10 rats
322 creatures vanquished.

Vanquished Creatures (collateral kills)
  A wraith (D:11)
  4 yaks (D:8)
  Edmund (D:6)
  An ice beast (D:11)
  An orc warrior (D:6)
  A black bear (D:6)
  A wight (D:8)
  A jelly (D:6)
  An orc priest (D:5)
  A gnoll bouda (D:7)
  A howler monkey zombie (D:8)
  A gnoll (D:7)
  An orc (D:8)
16 creatures vanquished.

Vanquished Creatures (others)
  A deep elf pyromancer (D:12)
  An arcanist (D:10)
2 creatures vanquished.

Grand Total: 340 creatures vanquished

Notes
Turn   | Place    | Note
-------+----------+-------------------------------------------
     0 | D:1      | 0gre the Gnoll Ice Elementalist began the quest for the
                  | Orb.
     0 | D:1      | Reached XP level 1. HP: 13/13 MP: 6/6
   143 | D:1      | Reached XP level 2. HP: 10/19 MP: 5/7
   522 | D:1      | Reached skill level 5 in Spellcasting
   522 | D:1      | Reached XP level 3. HP: 22/25 MP: 7/9
   534 | D:1      | Learned a level 3 spell: Frozen Ramparts
   991 | D:2      | Found a hide-covered altar of Uskayaw.
  1045 | D:2      | Reached skill level 1 in Invocations
  1134 | D:2      | Found a faded altar of an unknown god.
  1269 | D:2      | Reached skill level 1 in Fighting
  1269 | D:2      | Reached skill level 1 in Short Blades
  1269 | D:2      | Reached skill level 1 in Long Blades
  1269 | D:2      | Reached skill level 1 in Axes
  1269 | D:2      | Reached skill level 1 in Maces & Flails
  1269 | D:2      | Reached skill level 1 in Polearms
  1269 | D:2      | Reached skill level 1 in Staves
  1269 | D:2      | Reached skill level 1 in Ranged Weapons
  1269 | D:2      | Reached skill level 1 in Throwing
  1269 | D:2      | Reached skill level 1 in Armour
  1269 | D:2      | Reached skill level 1 in Shields
  1269 | D:2      | Reached skill level 1 in Unarmed Combat
  1269 | D:2      | Reached skill level 1 in Evocations
  1769 | D:2      | Prayed at the altar of an unknown god.
  1769 | D:2      | Became a worshipper of Vehumet
  1769 | D:2      | Reached * piety under Vehumet
  1769 | D:2      | Offered knowledge of Foxfire by Vehumet.
  1848 | D:3      | Reached skill level 1 in Shapeshifting
  1848 | D:3      | Reached XP level 4. HP: 32/32 MP: 9/11
  1925 | D:3      | Found a burning altar of Makhleb.
  1930 | D:3      | Found an iron altar of Okawaru.
  1934 | D:3      | Found a blossoming altar of Fedhas.
  1936 | D:3      | Found a hazy altar of Hepliaklqana.
  1939 | D:3      | Found a stormy altar of Qazlal.
  1944 | D:3      | Found a shimmering altar of Xom.
  2106 | D:3      | Reached skill level 1 in Conjurations
  2106 | D:3      | Reached skill level 1 in Hexes
  2106 | D:3      | Reached skill level 1 in Summonings
  2106 | D:3      | Reached skill level 1 in Necromancy
  2106 | D:3      | Reached skill level 1 in Translocations
  2106 | D:3      | Reached skill level 1 in Fire Magic
  2106 | D:3      | Reached skill level 1 in Air Magic
  2106 | D:3      | Reached skill level 1 in Earth Magic
  2106 | D:3      | Reached skill level 1 in Alchemy
  2173 | D:3      | Found a snail-covered altar of Cheibriados.
  2715 | D:3      | Offered knowledge of Scorch by Vehumet.
  2720 | D:3      | Reached ** piety under Vehumet
  2932 | D:4      | Reached XP level 5. HP: 18/37 MP: 8/12
  2939 | D:4      | Learned a level 3 spell: Summon Ice Beast
  3084 | D:4      | Noticed a black bear
  3093 | D:4      | Killed a black bear
  3094 | D:4      | Reached skill level 5 in Dodging
  3094 | D:4      | Reached XP level 6. HP: 18/44 MP: 11/14
  3873 | D:5      | Entered Level 5 of the Dungeon
  3873 | D:5      | Found a sparkling altar of Nemelex Xobeh.
  3895 | D:5      | Reached XP level 7. HP: 51/51 MP: 13/15
  3937 | D:5      | Found a hide-covered altar of Uskayaw.
  3996 | D:5      | Reached skill level 5 in Stealth
  4004 | D:5      | Offered knowledge of Dazzling Flash by Vehumet.
  4065 | D:5      | Found a sand-covered staircase.
  4096 | Ossuary  | Entered an ossuary
  4299 | Ossuary  | Reached XP level 8. HP: 55/58 MP: 16/16
  4321 | Ossuary  | Reached *** piety under Vehumet
  5014 | D:6      | Offered knowledge of Ignite Poison by Vehumet.
  5176 | D:6      | Reached XP level 9. HP: 65/65 MP: 14/18
  5257 | D:6      | Noticed Edmund
  5271 | D:6      | Killed Edmund
  5500 | D:6      | Found a staircase to the Ecumenical Temple.
  5517 | D:6      | Found an opulent altar of Gozag.
  5518 | D:6      | Found a radiant altar of Vehumet.
  5742 | D:7      | Learned a level 4 spell: Ignite Poison
  5836 | D:7      | Reached **** piety under Vehumet
  6040 | D:7      | Offered knowledge of Olgreb's Toxic Radiance by Vehumet.
  6046 | D:7      | Learned a level 4 spell: Olgreb's Toxic Radiance
  6474 | D:7      | Noticed a deep elf pyromancer
  6486 | D:7      | Killed a deep elf pyromancer
  6487 | D:7      | Reached skill level 5 in Invocations
  6716 | D:7      | Found an ornate altar of the Wu Jian Council.
  7000 | D:8      | Reached skill level 5 in Fighting
  7000 | D:8      | Reached skill level 5 in Short Blades
  7000 | D:8      | Reached skill level 5 in Long Blades
  7000 | D:8      | Reached skill level 5 in Axes
  7000 | D:8      | Reached skill level 5 in Maces & Flails
  7000 | D:8      | Reached skill level 5 in Polearms
  7000 | D:8      | Reached skill level 5 in Staves
  7000 | D:8      | Reached skill level 5 in Ranged Weapons
  7000 | D:8      | Reached skill level 5 in Throwing
  7000 | D:8      | Reached skill level 5 in Armour
  7000 | D:8      | Reached skill level 5 in Shields
  7000 | D:8      | Reached skill level 5 in Unarmed Combat
  7000 | D:8      | Reached skill level 5 in Evocations
  7093 | D:8      | Reached XP level 10. HP: 60/74 MP: 10/20
  7237 | D:8      | Got Qugogewyh's Excursus on Blasting and the Summer
  7274 | D:8      | Reached skill level 5 in Shapeshifting
  7313 | D:8      | Found a white marble altar of Elyvilon.
  7575 | D:8      | Reached ***** piety under Vehumet
  7575 | D:8      | Offered knowledge of Yara's Violent Unravelling by Vehumet.
  7648 | D:8      | Identified the +2 ring mail of the Kraken {Int+3 Dex-3
                  | SInv}
  8496 | D:9      | Noticed a two-headed ogre
  8502 | D:9      | Killed a two-headed ogre
  8532 | D:9      | Reached skill level 5 in Conjurations
  8532 | D:9      | Reached skill level 5 in Hexes
  8532 | D:9      | Reached skill level 5 in Summonings
  8532 | D:9      | Reached skill level 5 in Necromancy
  8532 | D:9      | Reached skill level 5 in Translocations
  8532 | D:9      | Reached skill level 5 in Fire Magic
  8532 | D:9      | Reached skill level 5 in Air Magic
  8532 | D:9      | Reached skill level 5 in Earth Magic
  8532 | D:9      | Reached skill level 5 in Alchemy
  8533 | D:9      | Reached XP level 11. HP: 42/81 MP: 15/22
  9114 | D:9      | Noticed an orc knight
  9119 | D:9      | Killed an orc knight
  9593 | D:10     | Entered Level 10 of the Dungeon
  9701 | D:10     | Found a broken altar of Ashenzari.
  9866 | D:10     | Offered knowledge of Freezing Cloud by Vehumet.
  9873 | D:10     | Learned a level 5 spell: Freezing Cloud
  9930 | D:10     | Found a bloodstained altar of Trog.
 10128 | D:10     | Noticed a wizard
 10133 | D:10     | Killed a wizard
 10396 | D:11     | Found a staircase to the Lair.
 10461 | D:11     | Found a large runed translucent door.
 10462 | D:11     | Found a large runed translucent door.
 10463 | D:11     | Found a staircase to the Orcish Mines.
 10464 | D:11     | Noticed a centaur warrior
 10521 | D:11     | Found a large runed translucent door.
 10521 | D:11     | Found a large runed translucent door.
 10714 | D:11     | Noticed a cyclops
 10730 | D:11     | Killed a cyclops
 11078 | D:11     | Identified the +10 spear of Wolaul {drain, Dex+4}
 11226 | D:11     | Reached XP level 12. HP: 91/91 MP: 24/24
 11229 | D:11     | Noticed a two-headed ogre
 11239 | D:11     | Killed a two-headed ogre
 11345 | D:11     | Identified the +1 leather armour of the Northern Lights
                  | {Str+3}
 11446 | D:11     | Killed a centaur warrior
 11469 | D:11     | Identified the amulet "Vuynum" {RegenMP Str+2}
 11741 | D:12     | Noticed a two-headed ogre
 11756 | D:12     | Killed a two-headed ogre
 11935 | D:12     | Noticed Nessos
 11972 | D:12     | Noticed a boulder beetle
 11976 | D:12     | HP: 3/91 [boulder beetle (19)]
 11987 | D:12     | Killed a boulder beetle
 12810 | D:12     | Noticed Azrael
 12812 | D:12     | Killed Nessos
 12845 | D:12     | Reached XP level 13. HP: 15/98 MP: 11/26
 12850 | D:12     | Killed from afar by Azrael

Illustrated notes

Levels and vault maps discovered:
D:1:      eino_arrival_cavern_c, layout_basic
D:2:      layout_loops_corners, basic_altar, dreamdust_ecumenical_altar_grove,
          minivault_11
D:3:      layout_basic, nicolae_overflow_hallway_of_the_gods,
          mainiacjoe_overflow_alcove_1, portal_sewer_entry_e,
          minmay_misc_feat_iff, minmay_misc_feat_tiny, minmay_quadrilaterals
D:4:      layout_basic, minmay_misc_feat_ornament
D:5:      layout_rooms, mainiacjoe_overflow_catwalk,
          mainiacjoe_overflow_brackets, lightli_ossuary_entry_decrepit_ruins
D:6:      layout_basic, mainiacjoe_overflow_divided_tiny, temple_green,
          uniq_edmund
D:7:      layout_basic, nicolae_wu_jian_wuxing_cycle, guppyfry_early_elven_hall
D:8:      layout_loops_ring, elyvilon_altar_5, serial_undead, serial_undead_b,
          serial_undead_c, serial_undead_e, serial_undead_f, serial_undead_e,
          serial_undead_e, serial_undead_f, serial_undead_c
D:9:      layout_loops_ring, minmay_misc_feat_rows,
          hangedman_abyss_or_decor_clamps, lightli_church_of_beogh
D:10:     layout_rooms, evilmike_ruin_ashenzari, trog_wizard
D:11:     layout_loops_ring, hellmonk_lair_entry_icy,
          minmay_hollow_rounded_squares
D:12:     layout_gridville, serial_shops,
          nicolae_shop_temple_entry_statues_fountains,
          ebering_dispersal_statue_hall, uniq_nessos, uniq_azrael

Skill      XL: |  1  2  3  4  5  6  7  8  9 10 11 12 |
---------------+-------------------------------------+-----
Spellcasting   | 5 6 7 8 9 |  9.6
Invocations    | 1 2 3 4 5 6 7 8 |  8.9
Fighting       | 1 2 3 5 6 7 8 |  8.1
Short Blades   | 1 2 3 5 6 7 8 |  8.1
Long Blades    | 1 2 3 5 6 7 8 |  8.1
Axes           | 1 2 3 5 6 7 8 |  8.1
Maces & Flails | 1 2 3 5 6 7 8 |  8.1
Polearms       | 1 2 3 5 6 7 8 |  8.1
Staves         | 1 2 3 5 6 7 8 |  8.1
Ranged Weapons | 1 2 3 5 6 7 8 |  8.1
Throwing       | 1 2 3 5 6 7 8 |  8.1
Armour         | 1 2 3 5 6 7 8 |  8.1
Shields        | 1 2 3 5 6 7 8 |  8.1
Unarmed Combat | 1 2 3 5 6 7 8 |  8.1
Evocations     | 1 2 3 5 6 7 8 |  8.1
Shapeshifting  | 1 2 3 4 5 6 7 |  7.4
Conjurations   | 1 2 3 4 5 6 |  6.7
Hexes          | 1 2 3 4 5 6 |  6.7
Summonings     | 1 2 3 4 5 6 |  6.7
Necromancy     | 1 2 3 4 5 6 |  6.7
Translocations | 1 2 3 4 5 6 |  6.7
Fire Magic     | 1 2 3 4 5 6 |  6.7
Air Magic      | 1 2 3 4 5 6 |  6.7
Earth Magic    | 1 2 3 4 5 6 |  6.7
Alchemy        | 1 2 3 4 5 6 |  6.7
Dodging        | 5 6 7 8 9 |  9.4
Stealth        | 5 6 7 8 9 |  9.2
Ice Magic      | 8 9 |  9.9

Action                     |  1- 3 |  4- 6 |  7- 9 | 10-12 | 13-15 || total
---------------------------+-------+-------+-------+-------+-------++-------
  Melee: Short sword       |    32 |       |       |       |       ||    32
         Dagger            |     3 |       |       |       |       ||     3
         Punch             |     5 |     2 |     5 |     1 |       ||    13
         Flail             |    35 |    30 |       |       |       ||    65
         Bite              |     7 |     9 |    32 |    44 |     1 ||    93
         Falchion          |       |    57 |   178 |     7 |       ||   242
         Dire flail        |       |       |    61 |   348 |     2 ||   411
         Trident           |       |       |     2 |     8 |       ||    10
         Halberd           |       |       |       |     6 |       ||     6
         Scimitar          |       |       |       |     7 |       ||     7
   Fire: Sling             |    33 |    26 |    33 |       |       ||    92
         Shortbow          |       |       |    32 |    64 |       ||    96
         Orcbow            |       |       |       |    43 |       ||    43
  Throw: Boomerang         |     6 |       |     1 |     2 |       ||     9
         Dart              |       |     1 |     1 |       |       ||     2
   Cast: Freeze            |    11 |     1 |       |       |       ||    12
         Frozen Ramparts   |       |    12 |    25 |    41 |     1 ||    79
         Summon Ice Beast  |       |       |    12 |    16 |       ||    28
         Olgreb's Toxic Ra |       |       |     1 |    18 |       ||    19
         Ignite Poison     |       |       |     1 |    16 |       ||    17
         Freezing Cloud    |       |       |       |     7 |       ||     7
  Evoke: Wand              |       |       |       |     4 |       ||     4
         Phial of floods   |       |       |       |       |     1 ||     1
    Use: Scroll            |       |       |     7 |    26 |       ||    33
         Potion            |       |       |     2 |     7 |     1 ||    10
   Stab: Sleeping          |     4 |     5 |     4 |     3 |       ||    16
         Distracted        |       |       |       |     1 |       ||     1
         Paralysed         |       |       |       |     4 |       ||     4
 Armour: Robe              |    37 |    46 |    72 |       |       ||   155
         Steam dragon scal |       |       |    11 |   230 |     2 ||   243
  Dodge: Dodged            |    55 |    72 |   198 |   410 |     1 ||   736
